 Dungeon Crawl Stone Soup version 0.17.1-3-g152610e (webtiles) character file.

112 Mechanique the Magician (level 4, 0/30 HPs)
             Began as a Mummy Wizard on Mar 15, 2016.
             Slain by an orc wizard
             ... wielding a cursed -1 dagger
              (4 damage)
             ... on level 4 of the Dungeon.
             The game lasted 00:18:35 (4210 turns).

Mechanique the Magician (Mummy Wizard)              Turns: 4210, Time: 00:18:36

Health: 0/30       AC:  4    Str: 10    XL:     4   Next: 64%
Magic:  1/10       EV: 11    Int: 18    God:
Gold:   201        SH:  0    Dex: 10    Spells: 2 memorised, 8 levels left

rFire  x . .     SeeInvis .     p - -2 short sword (curse)
rCold  + . .     Clarity  .     n - +0 leather armour
rNeg   + + +     SustAt   .     (no shield)
rPois  ∞         Gourm    .     b - +0 hat
rElec  .         Spirit   .     (no cloak)
rCorr  .         Warding  .     h - +0 pair of gloves
rMut   .         Stasis   .     (no boots)
MR     .....                    (no amulet)
Stlth  ++........               (no ring)
                                e - ring of stealth

@: very slightly contaminated, not resistant to hostile enchantments, unstealthy
A: no food or potions, fire vulnerability, cold resistance 1, negative energy
resistance 3, torment resistance, unbreathing
a: no special abilities


You were on level 4 of the Dungeon.
You were not hungry.

You visited 1 branch of the dungeon, and saw 4 of its levels.

You collected 201 gold pieces.

Inventory:

Hand Weapons
 p - a cursed -2 short sword (weapon)
Armour
 a - a +0 robe
 b - a +0 hat (worn)
 h - a +0 pair of gloves (worn)
 n - a +0 leather armour (worn)
Jewellery
 e - a ring of stealth (left hand)
Wands
 m - a wand of draining (4)
Scrolls
 f - 5 scrolls of remove curse
 g - a scroll of enchant weapon {unknown}
 j - 2 scrolls of identify
 k - a scroll of recharging {unknown}
 l - a scroll of random uselessness {unknown}
 o - a scroll of fear {unknown}
Books
 c - a book of Minor Magic

   Spells                             Type                      Level
   a - Magic Dart                     Conjuration                  1
   b - Blink                          Translocation                2
   c - Call Imp                       Summoning                    2
   d - Repel Missiles                 Charms/Air                   2
   e - Slow                           Hexes                        2
   f - Conjure Flame                  Conjuration/Fire             3
   g - Mephitic Cloud                 Conjuration/Poison/Air       3


   Skills:
 - Level 1.5 Dodging
 - Level 1.5 Stealth
 + Level 4.2 Spellcasting
 + Level 2.6 Conjurations
 - Level 0.7 Summonings
   Level 0.7 Translocations


You had 8 spell levels left.
You knew the following spells:

 Your Spells              Type           Power        Failure   Level  Hunger
a - Magic Dart            Conj           ##..         10%         1    N/A
b - Call Imp              Summ           #.......     24%         2    N/A

Dungeon Overview and Level Annotations

Branches:
Dungeon (4/15)
 Temple: D:4-7

Altars:
Dithmenos
Ru
Sif Muna
Trog

Annotations:
D:4 Grinder


Innate Abilities, Weirdness & Mutations

You do not eat or drink.
Your flesh is vulnerable to fire.
You are immune to poison.
Your flesh is cold resistant.
You are immune to negative energy.
You are immune to unholy pain and torment.
You can survive without breathing.


Message History

The orc wizard is severely wounded.
The orc wizard hits you with a dagger. The orc barely misses you.
Your crimson imp hits the orc but does no damage.
The orc wizard casts a spell.
The orc wizard seems to speed up.
A worker ant comes into view.
You hit the orc wizard.
The orc wizard is almost dead.
The orc wizard gestures wildly while chanting.
The orc wizard flickers and vanishes!
Deactivating autopickup; reactivate with Ctrl-A.
Your crimson imp barely misses the orc.
The orc closely misses you.
Your crimson imp hits the orc.
The orc dies!
A puff of flame appears from out of thin air!
The puff of flame hits you! The fire burns you terribly!
* * * LOW HITPOINT WARNING * * *
The worker ant barely misses your crimson imp.
Something hits you.
You die...

*,,,,*****,,,....# *,* *,,,,*
*,,,,...# *,* *,...*
******..##*,* #...!# *#..#*,*
#....######## #a.##,*
............# #5..#,*
.........##.####†#.#,*
##.......##........#.#
##.......##.....@....#
##.......+..........##
##.......###........#
').......# #........##
##.......# #........[#
##.......# #.........#
#....)..# #.........# #.......#
#.......#.#
#######.#####.#....>###########


You could see a worker ant and a friendly crimson imp.

Vanquished Creatures
  4 adders
  2 worms (D:2)
  2 giant geckos
  2 orcs (D:4)
  A ball python (D:3)
  4 giant cockroaches
  2 goblins
  6 hobgoblins
  A jackal (D:2)
  A quokka (D:3)
  6 bats
  2 giant newts
  5 kobolds
  3 rats
41 creatures vanquished.

Vanquished Creatures (collateral kills)
  An orc wizard (D:4)
  2 worms (D:2)
  4 orcs (D:4)
  A jackal (D:2)
8 creatures vanquished.

Grand Total: 49 creatures vanquished

Notes
Turn   | Place    | Note
--------------------------------------------------------------
     0 | D:1      | Mechanique the Mummy Wizard began the quest for the Orb.
     0 | D:1      | Reached XP level 1. HP: 13/13 MP: 4/4
   196 | D:1      | Reached skill level 1 in Conjurations
   654 | D:1      | Reached XP level 2. HP: 17/19 MP: 0/6
  1092 | D:2      | Found a shadowy altar of Dithmenos.
  1299 | D:2      | Found a faded altar to an unknown god.
  2014 | D:2      | Reached XP level 3. HP: 22/24 MP: 0/8
  2083 | D:2      | Learned a level 2 spell: Call Imp
  2966 | D:2      | Found a bloodstained altar of Trog.
  3232 | D:3      | Found a deep blue altar of Sif Muna.
  3234 | D:3      | Found a sacrificial altar of Ru.
  3237 | D:3      | Found a bloodstained altar of Trog.
  3391 | D:3      | Reached skill level 4 in Spellcasting
  3391 | D:3      | Reached XP level 4. HP: 23/30 MP: 1/10
  3939 | D:4      | Noticed Grinder
  3960 | D:4      | Paralysed by something for 2 turns
  4210 | D:4      | Slain by an orc wizard

Action                   |  1- 3 |  4- 6 || total
-------------------------+-------+-------++-------
Melee: Club              |     6 |       ||     6
       Spear             |    78 |     9 ||    87
       Short sword       |       |    16 ||    16
 Cast: Magic Dart        |    99 |    39 ||   138
       Call Imp          |     7 |     7 ||    14
  Use: Scroll            |     2 |     1 ||     3
